 Dungeon Crawl Stone Soup version 0.29.1-15-g9cfb28693d (webtiles) character file.

Game seed: 15811864396777155267

43530 squipdi the Severer (level 14, -1/88 HPs)
             Began as a Gargoyle Monk on Mar 29, 2023.
             Was the Champion of Qazlal.
             Slain by a quicksilver ooze (15 damage)
             ... on level 5 of the Lair of Beasts.
             The game lasted 01:21:43 (14904 turns).

squipdi the Severer (Gargoyle Monk)                Turns: 14904, Time: 01:21:44

Health: -1/88      AC: 28    Str: 18    XL:     14   Next: 24%
Magic:  7/14       EV: 10    Int: 14    God:    Qazlal [******]
Gold:   1356       SH:  0    Dex: 12    Spells: 13/13 levels left

rFire   + . .      SeeInvis .   o - +12 broad axe of Bedazzled Tenacity {vamp, Fly}
rCold   . . .      Faith    .   E - +0 kite shield {rF+}
rNeg    + . .      Spirit   .   O - +4 plate armour {Will+}
rPois   ∞          Reflect  .   f - +2 helmet {Int+3}
rElec   +          Harm     .   x - +2 cloak
rCorr   .          Rampage  .   (no gloves)
Will    ++...                   H - +0 pair of boots
Stlth   ..........              (no amulet)
HPRegen 0.24/turn               A - +4 ring of evasion
MPRegen 0.14/turn               z - +4 ring of protection

@: confused, ambrosia-drunk, protected from physical damage, corroded, flying,
repel missiles
A: sickness immunity, AC +10, big wings, negative energy resistance 1,
electricity resistance, torment resistance 1, petrification resistance, dopey 1
a: Renounce Religion, Upheaval, Elemental Force, Disaster Area


You were on level 5 of the Lair of Beasts.
You worshipped Qazlal.
Qazlal was exalted by your worship.
You visited 4 branches of the dungeon, and saw 18 of its levels.
You also visited: Sewer and Gauntlet.

You collected 1356 gold pieces.

Inventory:

Hand Weapons
 l - the +1 halberd of the Coin {vorpal, rElec rF+ Int+7}
   (You found it on level 3 of the Dungeon)

   It inflicts extra damage upon your enemies.
   Int:       It affects your intelligence (+7).
   rF:        It protects you from fire.
   rElec:     It insulates you from electricity.
 m - a +1 broad axe of draining
 n - the +10 rapier "Pinost" {spect, +Blink Dex+4}
   (You found it on level 3 of the Dungeon)

   When its wielder attacks, the weapon's spirit leaps out and strikes again.
   The spirit shares a part of any damage it takes with its wielder.
   Dex:       It affects your dexterity (+4).
   +Blink:    It lets you blink.
 o - the +12 broad axe of Bedazzled Tenacity (weapon) {vamp, Fly}
   (You acquired it in a sewer)

   It occasionally heals its wielder for a portion of the damage dealt when it
   wounds a living foe.
   Fly:       It grants you flight.
 t - the +8 spear "Beill" {drain, Int-5 SInv Stlth+}
   (You found it on level 3 of the Dungeon)

   A truly terrible weapon, it drains the life of any living foe it strikes.
   Int:       It affects your intelligence (-5).
   SInv:      It lets you see invisible.
   Stlth:     It makes you more stealthy.
Missiles
 p - 4 curare-tipped darts (quivered)
 s - 5 silver javelins
 D - 3 throwing nets
Armour
 f - a +2 helmet of intelligence (worn)
 x - a +2 cloak (worn)
 E - a +0 kite shield of fire resistance (worn)
 H - a +0 pair of boots (worn)
 O - a +4 plate armour of willpower (worn)
Magical Staves
 g - a staff of poison
Jewellery
 z - a +4 ring of protection (right hand)
 A - a +4 ring of evasion (left hand)
Wands
 a - a wand of flame (1)
 y - a wand of acid (9)
 L - a wand of charming (10)
Scrolls
 d - 3 scrolls of blinking
 h - a scroll of noise
 k - a scroll of summoning
 r - 4 scrolls of teleportation
 u - a scroll of magic mapping
 v - 2 scrolls of poison
 B - 3 scrolls of vulnerability
 G - a scroll of silence {unknown}
 I - 2 scrolls of enchant weapon
 K - 2 scrolls of immolation
 M - 2 scrolls of amnesia
 T - a scroll of torment {unknown}
Potions
 c - 3 potions of might
 e - 3 potions of magic
 i - 7 potions of flight
 j - 3 potions of invisibility
 q - 5 potions of haste
 w - 4 potions of curing
 C - 3 potions of lignification
 N - a potion of berserk rage {unknown}
 P - 2 potions of brilliance
Miscellaneous
 b - a tin of tremorstones (1/2)
 V - a condenser vane
 W - a phantom mirror
 X - a phial of floods


   Skills:
 + Level 10.9 Fighting
 + Level 1.6 Short Blades
 + Level 15.8 Axes
 + Level 1.1(10.3) Polearms
 + Level 9.6 Armour
 + Level 5.2 Dodging
 + Level 3.0 Stealth
 + Level 11.2 Shields
 + Level 0.3 Evocations


You had 13 spell levels left.
You didn't know any spells.
Your spell library contained the following spells:

 Spells                   Type           Power      Damage    Failure   Level
 Apportation              Tloc           0%         N/A       100%        1
 Sandblast                Erth           0%         2d4       100%        1
 Summon Small Mammal      Summ           0%         N/A       100%        1
 Ensorcelled Hibernation  Hex/Ice        0%         N/A       100%        2
 Passwall                 Tmut/Erth      0%         N/A       100%        2
 Ignite Poison            Fire/Tmut/Pois 0%         N/A       100%        3
 Mephitic Cloud           Conj/Pois/Air  0%         N/A       100%        3
 Stone Arrow              Conj/Erth      0%         3d7       100%        3
 Swiftness                Air            0%         N/A       100%        3
 Tukima's Dance           Hex            0%         N/A       100%        3
 Olgreb's Toxic Radiance  Pois           0%         N/A       100%        4
 Passage of Golubria      Tloc           0%         N/A       100%        4
 Alistair's Intoxication  Tmut/Pois      0%         N/A       100%        5
 Freezing Cloud           Conj/Ice/Air   0%         6-21      100%        5
 Lightning Bolt           Conj/Air       0%         1d11      100%        5
 Yara's Violent Unravell  Hex/Tmut       0%         3d3       100%        5
 Malign Gateway           Summ/Tloc      0%         N/A       100%        7
 Monstrous Menagerie      Summ           0%         N/A       100%        7
 Ozocubu's Refrigeration  Ice            0%         4d7       100%        7
 Ignition                 Fire           0%         3d3       100%        8


Dungeon Overview and Level Annotations

Branches:
Dungeon (11/15)            Temple (1/1) D:5            Lair (5/5) D:11
  Swamp (0/4) Lair:2        Snake (0/4) Lair:3        Slime (1/5) Lair:5
  Sewer (visited)         Gauntlet (visited)
    Orc: D:9-12

Altars:
Ashenzari
Cheibriados
Dithmenos
Elyvilon
Fedhas
Makhleb
Okawaru
Qazlal
Ru
Sif Muna
Trog
Vehumet
Wu Jian
Xom
Yredelemnul
Zin
The Shining One
Jiyva

Annotations:
D:11 2 runed translucent doors, Eitelfritz's ghost, journeyman TrFi
Lair:2 3 runed translucent doors, H0rd4k's ghost, journeyman OpAr


Innate Abilities, Weirdness & Mutations

You are immune to sickness and miasma.
Your stone body is resilient. (AC +10)
You are immune to poison.
Your large and strong wings let you fly.
You resist negative energy. (rN+)
You are resistant to electric shocks. (rElec)
You are resistant to unholy torment.
You are immune to petrification.
You are dopey. (Int -2)


Message History

The slime creature closely misses you. The slime creature hits you.
You block the slime creature's attack. The acid blob hits you!
You are splashed with acid.
You slash the acid blob! The acid corrodes you!
Your hands burn!
The acid blob is heavily wounded.
You miss the quicksilver ooze. You barely miss the slime creature.
You slash the slime creature!
You feel better.
You hit the slime creature. The quicksilver ooze hits you.
You block the quicksilver ooze's attack.
A slime creature comes into view.
The slime creature hits you.
You feel protected from physical attacks.
The slime creature closely misses you. The slime creature hits you.
Two slime creatures merge to form a large slime creature.
The acid blob hits you. The acid corrodes you!
You are splashed with acid.
The quicksilver ooze hits you.
You block the quicksilver ooze's attack.
You can't go down here!
The quicksilver ooze hits you.
You block the quicksilver ooze's attack.
The slime creature hits you but does no damage.
You block the slime creature's attack.
The acid blob hits you but does no damage.
You fly upwards.
Welcome back to the Lair of Beasts!
The ooze engulfing you falls away.
There is a staircase to the Slime Pits here.
You feel better.
The quicksilver ooze is struck by lightning.
The quicksilver ooze barely misses you. The quicksilver ooze misses you.
The acid blob hits you! The acid corrodes you!
You are splashed with acid!
You block the slime creature's attack.
The slime creature hits you but does no damage.
The quicksilver ooze hits you!
* * * LOW HITPOINT WARNING * * *
The quicksilver ooze hits you!
* * * LOW HITPOINT WARNING * * *
You feel your power leaking away.
You are confused.
You feel invigorated. The quicksilver ooze hits you!
You die...

## #####.##### .# ##.......#.#
.# ###.........## .##
####...........# ..#
###............PP## ..###
###.P...............# .†#.#
#P#.........P.P....## P..##
###^...######.P##.....#
...P####......#J@J######....##
.#...##.......#JJJ# #P[...#
#.............#.○.# ##....#
.#............##'## #.####
#...........P.....# ###
#..........#.....#.#
..........##..#####.#
.........P##### ##
..........##


You could see an acid blob, a large slime creature, 2 slime creatures and a
quicksilver ooze.

Vanquished Creatures
  A minotaur (Gauntlet)
  A shambling mangrove (Lair:4)
  A great orb of eyes (Gauntlet)
  A catoblepas (Lair:2)
  2 hydras
  2 two-headed ogres
  A hell hog (Gauntlet)
  The ghost of Sinuuzatidd the Skirmisher, a journeyman SpAM of Okawaru (Lair:3)
  Sonja (Lair:5)
  An ugly thing (Gauntlet)
  5 elephants (Lair:3)
  6 cane toads
  6 black mambas
  4 rime drakes
  2 kobold demonologists (D:10)
  2 gargoyles
  11 komodo dragons
  Maggie (D:8)
  6 polar bears
  20 blink frogs
  8 hornets
  Prince Ribbit (D:7)
  A troll (D:11)
  Sigmund (D:5)
  15 spriggans (Lair:5)
  A shadow (D:10)
  3 wyverns
  3 basilisks
  A wraith (D:9)
  2 steam dragons
  30 yaks
  4 fire bats (Gauntlet)
  15 water moccasins
  2 hell hounds (Gauntlet)
  2 ice beasts
  3 sky beasts
  3 orc warriors (D:9)
  5 black bears
  3 boggarts (Lair:5)
  30 wolves
  6 centaurs
  3 ogres
  A phantom (D:6)
  A kobold brigand (D:10)
  12 bullfrogs
  A necrophage (D:2)
  2 scorpions
  13 wights
  6 killer bees (D:5)
  4 howler monkeys
  An electric eel (Lair:2)
  A crimson imp (D:6)
  8 orc priests
  4 jellies
  6 hounds
  Ijyb (D:5)
  A gnoll bouda (D:5)
  Natasha (thrice) (D:4)
  2 iguanas
  10 orc wizards
  14 gnolls (D:5)
  5 river rats
  10 adders
  2 white imps
  An ufetubus (D:3)
  3 worms (D:2)
  2 dart slugs
  43 orcs
  7 ball pythons
  8 endoplasms
  8 giant cockroaches
  5 goblins
  9 hobgoblins
  20 jackals
  5 quokkas
  10 bats
  11 frilled lizards
  12 kobolds
  2 rats (D:1)
  A butterfly (D:8)
472 creatures vanquished.

Vanquished Creatures (others)
  A bush (Lair:4)
  24 fungi
  18 plants
  2 withered plants (Lair:3)
45 creatures vanquished.

Grand Total: 517 creatures vanquished

Notes
Turn   | Place    | Note
-------+----------+-------------------------------------------
     0 | D:1      | squipdi the Gargoyle Monk began the quest for the Orb.
     0 | D:1      | Reached XP level 1. HP: 14/14 MP: 1/1
    54 | D:1      | Reached XP level 2. HP: 8/19 MP: 2/2
   276 | D:1      | Reached skill level 3 in Axes
  1109 | D:1      | Reached XP level 3. HP: 20/23 MP: 3/3
  1592 | D:2      | Noticed a necrophage
  1613 | D:2      | Killed a necrophage
  1614 | D:2      | Reached skill level 1 in Armour
  1614 | D:2      | Reached XP level 4. HP: 23/29 MP: 4/4
  1766 | D:2      | Reached XP level 5. HP: 33/33 MP: 5/5
  2270 | D:3      | Identified the +1 halberd of the Coin {vorpal, rElec rF+
                  | Int+7}
  2308 | D:3      | Reached skill level 4 in Axes
  2317 | D:3      | Identified the +10 rapier "Pinost" {spect, +Blink Dex+4}
  2587 | D:3      | Found a glowing drain.
  2614 | Sewer    | Entered a sewer
  3021 | Sewer    | Reached XP level 6. HP: 33/38 MP: 6/6
  3217 | Sewer    | Identified a scroll of acquirement
  3218 | Sewer    | Acquired the +12 broad axe of Bedazzled Tenacity {vamp,
                  | Fly}
  3576 | D:3      | Gained mutation: You are partially covered in iridescent
                  | scales. (AC +2) [potion of mutation]
  3637 | D:3      | Found an ornate altar of the Wu Jian Council.
  3654 | D:3      | Identified the +8 spear "Beill" {drain, Int-5 SInv Stlth+}
  3746 | D:4      | Reached skill level 1 in Short Blades
  3746 | D:4      | Reached skill level 1 in Polearms
  3777 | D:4      | Noticed Natasha
  3784 | D:4      | Killed Natasha
  3799 | D:4      | Noticed Natasha
  3809 | D:4      | Killed Natasha
  4165 | D:4      | Reached XP level 7. HP: 28/44 MP: 7/7
  4211 | D:4      | Noticed Natasha
  4220 | D:4      | Killed Natasha
  4427 | D:4      | Found a shadowy altar of Dithmenos.
  4461 | D:4      | Found a bloodstained altar of Trog.
  4759 | D:5      | Entered Level 5 of the Dungeon
  4878 | D:5      | Found a basalt altar of Yredelemnul.
  4979 | D:5      | Found a glowing golden altar of the Shining One.
  4979 | D:5      | Found a snail-covered altar of Cheibriados.
  4982 | D:5      | Reached skill level 5 in Axes
  5000 | D:5      | Reached skill level 6 in Axes
  5129 | D:5      | Noticed Sigmund
  5138 | D:5      | Killed Sigmund
  5139 | D:5      | Reached XP level 8. HP: 46/48 MP: 8/8
  5361 | D:5      | Found a staircase to the Ecumenical Temple.
  5386 | Temple   | Entered the Ecumenical Temple
  5401 | Temple   | Became a worshipper of Qazlal Stormbringer
  5401 | Temple   | Reached * piety under Qazlal
  5401 | Temple   | Reached ** piety under Qazlal
  5496 | D:5      | Noticed Ijyb
  5501 | D:5      | Reached skill level 5 in Armour
  5502 | D:5      | Reached skill level 7 in Axes
  5738 | D:5      | Killed Ijyb
  5752 | D:5      | Noticed a yak
  5761 | D:5      | Killed a yak
  5762 | D:5      | Reached skill level 5 in Fighting
  6222 | D:5      | Reached *** piety under Qazlal
  6544 | D:6      | Reached XP level 9. HP: 54/54 MP: 9/9
  6563 | D:6      | Reached skill level 8 in Axes
  6616 | D:6      | Reached skill level 1 in Shields
  6708 | D:6      | Reached skill level 9 in Axes
  6721 | D:6      | Found a shimmering altar of Xom.
  6721 | D:6      | Found a burning altar of Makhleb.
  7090 | D:7      | Found a blossoming altar of Fedhas.
  7096 | D:7      | Found an iron altar of Okawaru.
  7298 | D:7      | Noticed Prince Ribbit
  7309 | D:7      | Killed Prince Ribbit
  7310 | D:7      | Reached XP level 10. HP: 51/61 MP: 10/10
  7315 | D:7      | Got the Anthology of Breath and Attendants
  7660 | D:8      | Reached **** piety under Qazlal
  7762 | D:8      | Noticed Maggie
  7770 | D:8      | Killed Maggie
  7771 | D:8      | Reached skill level 10 in Axes
  8025 | D:8      | Found a white marble altar of Elyvilon.
  8341 | D:9      | Noticed a two-headed ogre
  8352 | D:9      | Killed a two-headed ogre
  8573 | D:9      | Reached skill level 11 in Axes
  8575 | D:9      | Reached XP level 11. HP: 68/68 MP: 11/11
  8652 | D:9      | Reached skill level 5 in Shields
  8664 | D:9      | Reached ***** piety under Qazlal
  9070 | D:10     | Entered Level 10 of the Dungeon
  9253 | D:10     | Reached skill level 12 in Axes
  9543 | D:10     | Found a broken altar of Ashenzari.
  9592 | D:11     | Found a runed translucent door.
  9617 | D:11     | Noticed a two-headed ogre
  9627 | D:11     | Killed a two-headed ogre
  9707 | D:11     | Identified the +2 robe of the Sky {Str+3}
  9838 | D:11     | Noticed a skeletal warrior
  9839 | D:11     | Noticed a catoblepas
  9839 | D:11     | Noticed a necromancer
  9839 | D:11     | Noticed a white ugly thing
  9839 | D:11     | Noticed a lich
  9839 | D:11     | Noticed a skeletal warrior
  9902 | D:11     | Found a runed translucent door.
  9903 | D:11     | Noticed Eitelfritz's ghost (journeyman TrFi)
  9904 | D:11     | Identified the +5 falchion "Dragon's Tongue" {flame, rPois
                  | Int+4}
  9904 | D:11     | Noticed a skeletal warrior
 10188 | D:11     | Found a staircase to the Lair.
 10347 | D:11     | Lost mutation: You are partially covered in iridescent
                  | scales. (AC +2) [potion of mutation]
 10347 | D:11     | Gained mutation: You occasionally shout uncontrollably at
                  | your foes. [potion of mutation]
 10347 | D:11     | Gained mutation: You do not regenerate when monsters are
                  | visible. [potion of mutation]
 10347 | D:11     | Lost mutation: You occasionally shout uncontrollably at
                  | your foes. [potion of mutation]
 10348 | D:11     | Lost mutation: You do not regenerate when monsters are
                  | visible. [potion of mutation]
 10348 | D:11     | Gained mutation: You are dopey. (Int -2) [potion of
                  | mutation]
 10351 | Lair:1   | Entered Level 1 of the Lair of Beasts
 10360 | Lair:1   | Reached XP level 12. HP: 75/75 MP: 12/12
 10392 | Lair:1   | Reached skill level 13 in Axes
 11486 | Lair:2   | Found a staircase to the Swamp.
 11504 | Lair:2   | Found a gate leading to a gauntlet.
 11537 | Lair:2   | Found a runed translucent gate.
 11538 | Lair:2   | Found a runed translucent gate.
 11538 | Lair:2   | Noticed H0rd4k's ghost (journeyman OpAr)
 11539 | Lair:2   | Found a runed translucent gate.
 11539 | Lair:2   | Noticed a 12-headed hydra
 11540 | Lair:2   | Noticed a nine-headed hydra
 11560 | Gauntlet | Entered a Gauntlet
 11560 | Gauntlet | Found a transporter.
 11563 | Gauntlet | Found a transporter.
 11567 | Gauntlet | Found a transporter.
 11567 | Gauntlet | Found a transporter.
 11570 | Gauntlet | Found a transporter.
 11571 | Gauntlet | Found a transporter.
 11573 | Gauntlet | Noticed a great orb of eyes
 11574 | Gauntlet | Noticed a dire elephant
 11579 | Gauntlet | Noticed a hell hog
 11596 | Gauntlet | Killed a hell hog
 11623 | Gauntlet | Found a transporter.
 11632 | Gauntlet | Killed a great orb of eyes
 11653 | Gauntlet | Noticed a minotaur
 11656 | Gauntlet | Found the +8 longbow "Zephyr" {speed, Dex+3 SInv}
 11672 | Gauntlet | Killed a minotaur
 11782 | Gauntlet | Identified the +3 short sword "Varhof" {antimagic, Dex+3}
 11782 | Gauntlet | Identified the +2 robe of Qygiep {Dex+2}
 12127 | Lair:2   | Noticed a catoblepas
 12136 | Lair:2   | Killed a catoblepas
 12137 | Lair:2   | Reached skill level 14 in Axes
 12398 | Lair:3   | Noticed a five-headed hydra
 12403 | Lair:3   | Reached skill level 5 in Dodging
 12412 | Lair:3   | Found a runed translucent door.
 12412 | Lair:3   | Noticed Sinuuzatidd's ghost (journeyman SpAM)
 12471 | Lair:3   | Reached XP level 13. HP: 80/80 MP: 13/13
 12516 | Lair:3   | Reached ****** piety under Qazlal
 12547 | Lair:3   | Found a staircase to the Snake Pit.
 13289 | Lair:3   | Killed Sinuuzatidd's ghost
 13354 | Lair:4   | Reached skill level 10 in Fighting
 13704 | Lair:4   | Noticed a shambling mangrove
 13704 | Lair:4   | an oklob plant changed into a shambling mangrove
 13714 | Lair:4   | Killed a shambling mangrove
 13740 | Lair:4   | Reached skill level 15 in Axes
 14187 | Lair:5   | Entered Level 5 of the Lair of Beasts
 14208 | Lair:5   | Noticed Sonja
 14222 | Lair:5   | Reached skill level 10 in Shields
 14225 | Lair:5   | Killed Sonja
 14511 | Lair:5   | Gained mutation: Your large and strong wings let you fly.
                  | [Gargoyle growth]
 14511 | Lair:5   | Reached XP level 14. HP: 88/88 MP: 14/14
 14869 | Lair:5   | Found a runed translucent door.
 14869 | Lair:5   | Found a viscous altar of Jiyva.
 14871 | Lair:5   | Found a staircase to the Slime Pits.
 14895 | Slime:1  | Entered Level 1 of the Pits of Slime
 14895 | Slime:1  | Noticed an acid blob
 14895 | Slime:1  | Noticed a quicksilver ooze
 14897 | Slime:1  | Noticed a rockslime
 14898 | Slime:1  | Noticed an acid blob
 14904 | Lair:5   | Slain by a quicksilver ooze

Illustrated notes

Levels and vault maps discovered:
D:1:      dpeg_arrival_erosion, layout_basic, interstate_on_off
D:2:      layout_rooms
D:3:      layout_basic, nicolae_wu_jian_glorious_leap,
          cheibrodos_sewer_entry_sluice
D:4:      layout_cave_pools, mainiacjoe_overflow_catch_the_wave,
          minmay_liquid_box, uniq_natasha
D:5:      lemuel_castle_with_subvaults [lemuel_castle_interior_original],
          layout_loops_ring, gammafunk_temple_overflow_pools,
          mainiacjoe_overflow_alcove_4, minmay_temple_entry_large_hall,
          serial_rivers, chequers_serial_rivers_large_b,
          chequers_serial_rivers_small_a, chequers_serial_rivers_micro_e,
          chequers_serial_rivers_room_b, grunt_decor_cap, hex_tiny, uniq_ijyb,
          uniq_sigmund
D:6:      layout_rooms, grunt_temple_overflow_champion_of_chaos,
          kennysheep_generic_room_11
D:7:      layout_cave_pools, kennysheep_mini_moat, fedhas_altar_1,
          minmay_misc_feat_rows, uniq_prince_ribbit1
D:8:      layout_rooms, nicolae_elyvilon_peaceful_grove, uniq_maggie
D:9:      layout_gridville, st_stairs_9, minmay_misc_feat_nine_boxes
D:10:     hellmonk_crumbling_castle, layout_rooms, marbit_many_paths
D:11:     layout_rooms, erik_lair_dragon, muffindrake_ghost_dual_entry
Temple:   zaba_magenta_temple
Lair:1:   layout_hall_layers, chequers_serial_rivers_micro_e, grunt_megastairs_1
Lair:2:   layout_gridlike, swamp_mist_pool, gammafunk_ghost_hydra_chop,
          gauntlet_entry_generic, infiniplex_staircase_pool
Lair:3:   layout_gridlike, dummy_snake_entry, gammafunk_ghost_grave,
          cheibrodos_lair_reptile_den
Lair:4:   layout_loops_ring
Lair:5:   minmay_lair_end_enchanted_forest, layout_cave_pods, slime_entry_2,
          uniq_sonja
Slime:1:  layout_caves

Skill      XL: |  1  2  3  4  5  6  7  8  9 10 11 12 13 14 |
---------------+-------------------------------------------+-----
Axes           | 3 4 6 7 9 11 12 14 15 | 15.8
Armour         | 1 2 3 4 5 6 7 8 9 |  9.6
Fighting       | 4 5 6 7 8 9 10 | 10.9
Dodging        | 3 4 5 |  5.2
Short Blades   | 1 |  1.6
Polearms       | 1 |  1.1
Stealth        | 3 |  3.0
Shields        | 2 4 6 8 10 11 | 11.2
Evocations     | |  0.3

Action                   |  1- 3 |  4- 6 |  7- 9 | 10-12 | 13-15 || total
-------------------------+-------+-------+-------+-------+-------++-------
Melee: Hand axe          |   105 |    53 |       |       |       ||   158
       Punch             |     1 |     2 |     4 |       |       ||     7
       Rapier            |       |    44 |       |       |       ||    44
       Halberd           |       |    15 |       |       |       ||    15
       Broad axe         |       |    28 |   211 |   402 |   301 ||   942
Evoke: Wand              |       |       |     1 |       |     3 ||     4
       Phial of floods   |       |       |       |       |     1 ||     1
       Tin of tremorston |       |       |       |       |     1 ||     1
  Use: Potion            |     1 |     3 |     2 |     7 |     4 ||    17
       Scroll            |       |    10 |     6 |    10 |     5 ||    31
 Stab: Sleeping          |     3 |       |       |       |       ||     3
Armor: Robe              |    17 |       |       |       |       ||    17
       Leather armour    |    21 |    28 |       |       |       ||    49
       Chain mail        |       |    64 |   147 |   163 |       ||   374
       Plate armour      |       |       |       |    52 |   282 ||   334
Dodge: Dodged            |    82 |    74 |   163 |   171 |   128 ||   618
       Repelled          |       |       |       |     3 |     2 ||     5
Block: Other             |       |       |    23 |       |       ||    23
       Kite shield       |       |       |    18 |   335 |   421 ||   774
